 Dungeon Crawl Stone Soup version 0.30.0-5-g1a98f26d00 (webtiles) character file.

Game seed: 12264777314859317925

91 firemarshallily the Fighter (level 4, 0/45 HPs)
             Began as a Gnoll Wanderer on May 8, 2023.
             Succumbed to a death drake's dark miasma
             ... on level 3 of the Dungeon.
             The game lasted 00:06:30 (1490 turns).

firemarshallily the Fighter (Gnoll Wanderer)        Turns: 1490, Time: 00:06:30

Health: 0/45       AC: 10    Str: 16    XL:     4   Next: 57%
Magic:  5/5        EV: 21    Int: 10    God:
Gold:   188        SH:  0    Dex: 10    Spells: 5/5 levels left

rFire   . . .        a - +1 mace (chaos)
rCold   . . .        (no shield)
rNeg    . . .        d - +0 leather armour
rPois   .            h - +1 helmet
rElec   .            l - +1 cloak
rCorr   .            o - +2 pair of gloves
SInv    .            (no boots)
Will    .....        q - amulet of the acrobat
Stlth   ++           k - +5 ring of evasion
HPRegen 0.27/turn    m - +5 ring of evasion
MPRegen 0.09/turn

%: acrobat
@: brilliant, lethally poisoned (0 -> -55), slowed, invisible, very slow
A: fangs 1, strong nose, distributed training
a: no special abilities


You were on level 3 of the Dungeon.
You visited 1 branch of the dungeon, and saw 3 of its levels.

You collected 188 gold pieces.

Inventory:

Hand Weapons
 a - a +1 mace of chaos (weapon)
Missiles
 i - 20 stones
 n - 6 poisoned darts
Armour
 d - a +0 leather armour (worn)
 h - a +1 helmet (worn)
 l - a +1 cloak (worn)
 o - a +2 pair of gloves (worn)
Jewellery
 e - a ring of resist corrosion
 k - a +5 ring of evasion (left hand)
 m - a +5 ring of evasion (right hand)
 q - an amulet of the acrobat (around neck)
 t - a ring of protection from cold
Wands
 b - a wand of flame (18) (quivered)
Scrolls
 c - 2 scrolls of fog
 f - 3 scrolls of identify
 g - a scroll of silence
Potions
 j - a potion of invisibility
 r - a potion of flight {unknown}
 s - a potion of heal wounds {unknown}


   Skills:
 + Level 8.6 Fighting
 + Level 1.2 Short Blades
 + Level 1.2 Long Blades
 + Level 1.2 Axes
 + Level 2.8 Maces & Flails
 + Level 1.2 Polearms
 + Level 1.2 Staves
 + Level 1.2 Ranged Weapons
 + Level 1.2 Throwing
 + Level 2.8 Armour
 + Level 1.2 Dodging
 + Level 4.3 Stealth
 + Level 1.2 Shields
 + Level 1.2 Unarmed Combat
 + Level 1.2 Spellcasting
 + Level 1.0 Conjurations
 + Level 1.0 Hexes
 + Level 1.0 Summonings
 + Level 1.0 Necromancy
 + Level 1.0 Translocations
 + Level 1.0 Transmutations
 + Level 1.0 Fire Magic
 + Level 1.0 Ice Magic
 + Level 1.0 Air Magic
 + Level 1.0 Earth Magic
 + Level 1.0 Poison Magic
 + Level 1.3 Invocations
 + Level 4.7 Evocations


You had 5 spell levels left.
You didn't know any spells.
Your spell library contained the following spells:

 Spells                   Type           Power      Damage    Failure   Level
 Sublimation of Blood     Necr           4%         N/A       36%         2
 Petrify                  Tmut/Erth      4%         N/A       95%         4
 Irradiate                Conj/Tmut      2%         3d12      100%        5


Dungeon Overview and Level Annotations

Branches:
Dungeon (3/15)

Altars:
Fedhas
Ru
Sif Muna

Shops:
D:1 :   D:2 =


Innate Abilities, Weirdness & Mutations

You have very sharp teeth.
Your uncanny sense of smell can sniff out nearby items.
Your experience applies equally to all skills.


Message History

You kill the gnoll!
The gnoll completely misses you.
You closely miss the hobgoblin.
You bite the hobgoblin, but do no damage.
The hobgoblin hits you but does no damage.
The gnoll misses you.
You hit the hobgoblin.
The hobgoblin changes into a glowing shapeshifter!
The glowing shapeshifter is lightly wounded.
The glowing shapeshifter changes into a snapping turtle!
The gnoll hits you but does no damage.
You hit the snapping turtle but do no damage.
The gnoll closely misses you.
The snapping turtle completely misses you.
The gnoll barely misses you.
You hit the snapping turtle but do no damage.
The snapping turtle bites you! The gnoll closely misses you.
You hit the snapping turtle but do no damage.
The snapping turtle changes into a death drake!
The gnoll misses you.
You closely miss the death drake. The gnoll closely misses you.
The death drake breathes miasma at you. The foul vapour engulfs you.
You are poisoned.
The hobgoblin is engulfed in dark miasma.
The hobgoblin is poisoned.
The hobgoblin seems to slow down.
The gnoll is engulfed in dark miasma.
The gnoll is poisoned.
The gnoll misses you.
It was a potion of invisibility.
You fade into invisibility!
You are lethally poisoned!
You feel yourself slow down.
You feel extremely sick.
The hobgoblin is no longer moving slowly.
The death drake completely misses you.
The gnoll is engulfed in dark miasma.
The gnoll looks even sicker.
The gnoll closely misses you.
It was a potion of brilliance.
You feel clever all of a sudden.
You are more poisoned.
You die...

.#. ..####### #.#
######......# #.#
.##.##......# ...
....##......# #.#
#..###......## ...
..†.##......##.#g# #
#..###.......#g#k##.#
....##.....).#°°@°[>#
#..###...###.###°####
....##.........°°#
#..###....##.#####
....##..>....#
8..8##.....### #
#..#........## # ###
.# ##.........#.#
#.#.. ..
####.......##
#.#.##.#


You could see a death drake shaped shifter (unable to see you), a gnoll (unable
to see you, very poisoned) and a hobgoblin (unable to see you, poisoned).

Vanquished Creatures
  3 adders
  3 gnolls (D:3)
  7 ball pythons
  5 bats
  3 endoplasms
  2 giant cockroaches
  A goblin (D:1)
  5 hobgoblins (D:1)
  2 frilled lizards (D:2)
  2 kobolds (D:2)
  2 rats
35 creatures vanquished.

Notes
Turn   | Place    | Note
-------+----------+-------------------------------------------
     0 | D:1      | firemarshallily the Gnoll Wanderer began the quest for the
                  | Orb.
     0 | D:1      | firemarshallily set off with the following items: a +1
                  | mace, a wand of flame (18), a scroll of fog, a +0 leather
                  | armour.
     0 | D:1      | Reached XP level 1. HP: 26/26 MP: 1/1
    73 | D:1      | Reached XP level 2. HP: 32/33 MP: 2/2
    77 | D:1      | Found Bienig's Book Shop.
   575 | D:2      | Reached XP level 3. HP: 38/38 MP: 2/4
   622 | D:2      | Found a faded altar of an unknown god.
   639 | D:2      | Found Fecei's Jewellery Emporium.
   764 | D:2      | Reached skill level 1 in Invocations
  1042 | D:2      | Reached skill level 1 in Short Blades
  1042 | D:2      | Reached skill level 1 in Long Blades
  1042 | D:2      | Reached skill level 1 in Axes
  1042 | D:2      | Reached skill level 1 in Polearms
  1042 | D:2      | Reached skill level 1 in Staves
  1042 | D:2      | Reached skill level 1 in Ranged Weapons
  1042 | D:2      | Reached skill level 1 in Throwing
  1042 | D:2      | Reached skill level 1 in Dodging
  1042 | D:2      | Reached skill level 1 in Shields
  1042 | D:2      | Reached skill level 1 in Unarmed Combat
  1042 | D:2      | Reached skill level 1 in Spellcasting
  1338 | D:3      | Reached XP level 4. HP: 39/45 MP: 5/5
  1362 | D:3      | Found a blossoming altar of Fedhas.
  1439 | D:3      | Found a shimmering blue altar of Sif Muna.
  1442 | D:3      | Found a sacrificial altar of Ru.
  1481 | D:3      | Reached skill level 1 in Conjurations
  1481 | D:3      | Reached skill level 1 in Hexes
  1481 | D:3      | Reached skill level 1 in Summonings
  1481 | D:3      | Reached skill level 1 in Necromancy
  1481 | D:3      | Reached skill level 1 in Translocations
  1481 | D:3      | Reached skill level 1 in Transmutations
  1481 | D:3      | Reached skill level 1 in Fire Magic
  1481 | D:3      | Reached skill level 1 in Ice Magic
  1481 | D:3      | Reached skill level 1 in Air Magic
  1481 | D:3      | Reached skill level 1 in Earth Magic
  1481 | D:3      | Reached skill level 1 in Poison Magic
  1484 | D:3      | a hobgoblin changed into a glowing shapeshifter
  1484 | D:3      | Noticed a glowing shapeshifter (glowing shapeshifter)
  1484 | D:3      | a glowing shapeshifter changed into a snapping turtle
  1484 | D:3      | Noticed a snapping turtle (glowing shapeshifter)
  1487 | D:3      | a snapping turtle changed into a death drake
  1487 | D:3      | Noticed a death drake (glowing shapeshifter)
  1490 | D:3      | Succumbed to a death drake's dark miasma

Illustrated notes

Levels and vault maps discovered:
D:1:      wander_arrival_desolate, layout_rooms, serial_shops, shop,
          minmay_split_cup_small
D:2:      layout_basic, shapermc_ecumenical_altar_petra, serial_shops, shop,
          grunt_decor_arrowhead, amethyst_killhole, minivault_26, minivault_4
D:3:      layout_loops_cross, mainiacjoe_overflow_brackets, minitemple,
          gup_sewer_entry_bubbles

Skill      XL: |  1  2  3  4 |
---------------+-------------+-----
Invocations    | 1 |  1.3
Short Blades   | 1 |  1.2
Long Blades    | 1 |  1.2
Axes           | 1 |  1.2
Polearms       | 1 |  1.2
Staves         | 1 |  1.2
Ranged Weapons | 1 |  1.2
Throwing       | 1 |  1.2
Dodging        | 1 |  1.2
Shields        | 1 |  1.2
Unarmed Combat | 1 |  1.2
Spellcasting   | 1 |  1.2
Conjurations   | 1 |  1.0
Hexes          | 1 |  1.0
Summonings     | 1 |  1.0
Necromancy     | 1 |  1.0
Translocations | 1 |  1.0
Transmutations | 1 |  1.0
Fire Magic     | 1 |  1.0
Ice Magic      | 1 |  1.0
Air Magic      | 1 |  1.0
Earth Magic    | 1 |  1.0
Poison Magic   | 1 |  1.0
Fighting       | |  8.6
Maces & Flails | |  2.8
Armour         | |  2.8
Stealth        | |  4.3
Evocations     | |  4.7

Action                     |  1- 3 |  4- 6 || total
---------------------------+-------+-------++-------
  Melee: Mace              |    90 |    19 ||   109
         Bite              |     3 |     2 ||     5
         Punch             |     1 |       ||     1
    Use: Scroll            |     3 |       ||     3
         Potion            |       |     2 ||     2
   Stab: Sleeping          |     3 |     2 ||     5
 Armour: Leather armour    |    29 |     4 ||    33
  Dodge: Dodged            |    89 |    35 ||   124
